 Dungeon Sprint DCSS version 0.25.1-1-g288607f5aa (webtiles) character file.

Game seed: 2419612017481782627

287945 jt the Evocator (level 14, 89/129 HPs)
             Began as a Formicid Fighter on July 28, 2020.
             Was an Initiate of Gozag.
             Escaped with the Orb!
             The game lasted 00:25:43 (6774 turns).

jt the Evocator (Formicid Fighter)                  Turns: 6774, Time: 00:25:44

Health: 89/129     AC: 25    Str: 25    XL:     14   Next: 10%
Magic:  29/29      EV:  8    Int:  9    God:    Gozag
Gold:   1868       SH: 13    Dex: 16    Spells: 13/13 levels left

rFire    + . .     SeeInvis +   a - +1 trident
rCold    + . .     Gourm    .   g - +1 kite shield {rF+}
rNeg     + . .     Faith    .   d - +3 plate armour {rC+}
rPois    +         Spirit   .   (helmet unavailable)
rElec    .         Reflect  .   q - +2 cloak {rPois}
rCorr    .         Harm     .   p - +0 pair of gloves
MR       ++...                  o - +2 pair of boots {run}
Stlth    ..........             (no amulet)
HPRegen  0.31/turn              u - ring of protection from magic
MPRegen  0.21/turn              x - ring of Sascha Luja {rN+ Dex+6}

@: bribing [the Dungeon], quick
A: permanent stasis, dig shafts and tunnels, four strong arms, antennae 3,
deformed body
0: Orb of Zot
a: Dig, Potion Petition, Call Merchant, Bribe Branch, Renounce Religion


You escaped.
You worshipped Gozag.
Gozag was most pleased with you.
You were not hungry.

You visited 1 branch You collected 12825 gold pieces.
You spent 3911 gold pieces at shops.
You paid 7046 gold pieces to Gozag.

Inventory:

Hand Weapons
 a - a +1 trident (weapon)
 y - a +0 shortbow
 B - the +7 great sword "Transmigrator" {drain, *Drain rF+ MP+9, unknown}
   (You found it in the Dungeon)

   A truly terrible weapon, it drains the life of those it strikes.
   It protects you from fire.
   It affects your magic capacity (+9).
   It causes draining when unequipped.
 D - a +2 short sword of venom
 E - a +0 morningstar
 F - a +2 vorpal arbalest
 H - a +0 longbow
 K - a +0 broad axe of flaming
Missiles
 b - 15 sling bullets
 m - 15 poisoned darts
 r - 44 stones
 z - 66 arrows
 A - 6 atropa-tipped darts
 C - 8 curare-tipped darts (quivered)
Armour
 d - a +3 plate armour of cold resistance (worn)
 g - a +1 kite shield of fire resistance (worn)
 o - a +2 pair of boots of running (worn)
 p - a +0 pair of gloves (worn)
 q - a +2 cloak of poison resistance (worn)
 t - the +1 kite shield of the Arcane {rC+ Str-5 SInv Stlth+}
   (You found it in the Dungeon)

   It affects your strength (-5).
   It protects you from cold.
   It lets you see invisible.
   It makes you more stealthy.
 J - a +2 pair of boots of flying
Magical Staves
 I - an uncursed staff of fire {unknown}
Jewellery
 u - a ring of protection from magic (left hand)
 x - the ring of Sascha Luja (right hand) {rN+ Dex+6}
   (You bought it in a shop in the Dungeon)

   [ring of dexterity]

   It affects your dexterity (+6).
   It protects you from negative energy.
Wands
 l - a wand of random effects (26)
 v - a wand of iceblast (11)
Scrolls
 f - 2 scrolls of remove curse
 k - a scroll of blinking
 s - 2 scrolls of fear
Potions
 c - a potion of lignification
 e - 3 potions of curing
 h - 3 potions of haste
 i - 2 potions of magic
 j - 2 potions of berserk rage
 P - a potion of degeneration {unknown}
 Q - a potion of brilliance {unknown}
Miscellaneous
 w - a tin of tremorstones (2/3)
 G - a lightning rod (4/4)


   Skills:
 - Level 17.9 Fighting
 - Level 14.0 Polearms
 - Level 6.0 Throwing
 - Level 17.1 Armour
 - Level 9.0 Shields
 + Level 22.6 Evocations


You had 13 spell levels left.
You didn't know any spells.
Your spell library contained the following spells:

 Spells                   Type           Power        Failure   Level  Hunger
 Apportation              Tloc           #.....       95%         1    ##.....
 Corona                   Hex            #......      95%         1    ##.....
 Pain                     Necr           #...         95%         1    ##.....
 Ensorcelled Hibernation  Hex/Ice        #.....       98%         2    ###....
 Portal Projectile        Hex/Tloc       #.....       100%        3    ####...
 Recall                   Summ/Tloc      N/A          100%        3    ####...
 Spectral Weapon          Hex/Chrm       #.......     100%        3    ####...
 Summon Guardian Golem    Hex/Summ       #.......     100%        3    ####...
 Dispel Undead            Necr           #.......     100%        4    #####..
 Borgnjor's Vile Clutch   Necr/Erth      #.........   100%        5    ######.
 Darkness                 Hex            #.........   100%        6    #######
 Blink                    Tloc           Unusable     N/A         2    N/A

Dungeon Overview and Level Annotations

Branches:
Dungeon (1/1)

Altars:
Cheibriados
Dithmenos
Elyvilon
Fedhas
Gozag
Hepliaklqana
Kikubaaqudgha
Makhleb
Nemelex Xobeh
Okawaru
Qazlal
Ru
Sif Muna
Trog
Uskayaw
Vehumet
Wu Jian
Xom
Yredelemnul
Zin
The Shining One
Jiyva
Lugonu

Shops:
D ([?:*(=?[![[**}[?*

Annotations:
D Lom Lobon, Tiamat


Innate Abilities, Weirdness & Mutations

You cannot be hasted, slowed, berserked, paralysed or teleported.
You can dig through walls and to a lower floor.
Your four strong arms can wield two-handed weapons with a shield.
You have a pair of large antennae on your head. (SInv)
Armour fits poorly on your strangely shaped body.


Message History

Things that are here:
a +0 dagger; a +0 robe
There is an open door, spattered with blood here.
There is an open door here.
There is a corrupted altar of Lugonu here.
There is a viscous altar of Jiyva here.
There is an open door here.
There is an open door here.
Things that are here:
a +0 scythe; a +0 robe
There is an open door here.
Your blizzard demon grins greedily, jangling a coin purse.
A blizzard demon comes into view.
There is an open door here.
You see here a +0 giant club.
There is an open door here.
Things that are here:
a +0 club; a +0 leather armour
There is a staircase leading out of the dungeon here.
You have escaped!

##################
#@2#..)..#.)'..#__
#..)..#..'..#..'..
#..#####'#####'#__
#..####..#...#.###
#..#__##.#..##.#§§
#..#_____##'#_.'§≈
#⌠⌠#_.∩...'..._#≈§
###._..__##_.#'##§
#..#_____###'#[.§§


You could see a friendly blizzard demon.

Vanquished Creatures
  the Lernaean hydra (D)
  A golden dragon (D)
  A deep elf master archer (D)
  A shadow dragon (D)
  A daeva (D)
  4 fire giants (D)
  A lorocyproca (D)
  A deep elf annihilator (D)
  A mummy priest (D)
  A hydra (D)
  2 centaur warriors (D)
  Sonja (D)
  7 unseen horrors (D)
  A deep troll (D)
  A lindwurm (D)
  2 oklob plants (D)
  A merfolk siren (D)
  A gargoyle (D)
  2 kobold demonologists (D)
  4 demonic crawlers (D)
  A hellwing (D)
  A meliai (D)
  5 hornets (D)
  A slime creature (D)
  Sigmund (D)
  A yak (D)
  2 redbacks (D)
  13 hogs (D)
  3 floating eyes (D)
  7 necrophages (D)
  An ogre (D)
  8 jellies (D)
  Ijyb (D)
80 creatures vanquished.

Vanquished Creatures (others)
  A merfolk siren (D)
  A gargoyle (D)
  2 ballistomycete spores (D)
4 creatures vanquished.

Grand Total: 84 creatures vanquished

Notes
Turn   | Place    | Note
-------+----------+-------------------------------------------
     0 | D        | jt the Formicid Fighter began the quest for the Orb.
     0 | D        | Reached XP level 1. HP: 18/18 MP: 1/1
     2 | D        | Noticed Ijyb
    22 | D        | Killed Ijyb
    22 | D        | Reached XP level 2. HP: 20/24 MP: 2/2
    22 | D        | Reached XP level 3. HP: 25/29 MP: 3/3
    67 | D        | Noticed an ogre
    70 | D        | Killed an ogre
    70 | D        | Reached XP level 4. HP: 35/35 MP: 4/4
    70 | D        | Reached XP level 5. HP: 41/41 MP: 5/5
    74 | D        | Noticed Sigmund
    80 | D        | Killed Sigmund
    80 | D        | Reached skill level 10 in Polearms
    80 | D        | Reached XP level 6. HP: 36/47 MP: 6/6
    85 | D        | Found a stormy altar of Qazlal.
    85 | D        | Found a blossoming altar of Fedhas.
    85 | D        | Found a bloodstained altar of Trog.
    85 | D        | Found an iron altar of Okawaru.
    85 | D        | Found a glowing golden altar of the Shining One.
    85 | D        | Found Biyfroq's Antique Armour Emporium.
    85 | D        | Found an ancient bone altar of Kikubaaqudgha.
    85 | D        | Found a hazy altar of Hepliaklqana.
    85 | D        | Found a hide-covered altar of Uskayaw.
    85 | D        | Found a basalt altar of Yredelemnul.
    85 | D        | Found a sparkling altar of Nemelex Xobeh.
    85 | D        | Found an opulent altar of Gozag.
    85 | D        | Found a snail-covered altar of Cheibriados.
    85 | D        | Found a sacrificial altar of Ru.
    85 | D        | Found a shadowy altar of Dithmenos.
    85 | D        | Noticed a yak
    91 | D        | Killed a yak
    91 | D        | Reached XP level 7. HP: 31/52 MP: 7/7
    92 | D        | Found a glowing silver altar of Zin.
    92 | D        | Found a white marble altar of Elyvilon.
    98 | D        | Became a worshipper of Gozag Ym Sagoz the Greedy
   133 | D        | Found a shimmering blue altar of Sif Muna.
   134 | D        | Found an ornate altar of the Wu Jian Council.
   135 | D        | Found a radiant altar of Vehumet.
   211 | D        | Found Pidukas's Armour Emporium.
   217 | D        | Bought a +2 cloak of poison resistance for 240 gold pieces
   219 | D        | Bought a +0 pair of gloves for 58 gold pieces
   238 | D        | Found a burning altar of Makhleb.
   238 | D        | Found a viscous altar of Jiyva.
   238 | D        | Found a shimmering altar of Xom.
   238 | D        | Found a corrupted altar of Lugonu.
   238 | D        | Noticed a slime creature
   247 | D        | Killed a slime creature
   347 | D        | Noticed a kobold demonologist
   348 | D        | Noticed a kobold demonologist
   351 | D        | Noticed a neqoxec
   352 | D        | Gained mutation: Armour fits poorly on your strangely
                  | shaped body. [a neqoxec]
   353 | D        | Noticed a ynoxinul
   355 | D        | Noticed an ice devil
   359 | D        | Killed a kobold demonologist
   359 | D        | Reached XP level 8. HP: 65/67 MP: 8/8
   373 | D        | Killed a kobold demonologist
   373 | D        | Reached skill level 5 in Armour
   412 | D        | Bought a +1 kite shield of fire resistance for 214 gold
                  | pieces
   486 | D        | Noticed a lindwurm
   503 | D        | Killed a lindwurm
   503 | D        | Reached skill level 10 in Fighting
   503 | D        | Reached XP level 9. HP: 46/79 MP: 9/9
   670 | D        | Reached skill level 10 in Armour
   687 | D        | Reached skill level 1 in Evocations
   696 | D        | Reached skill level 2 in Evocations
   696 | D        | Reached XP level 10. HP: 80/91 MP: 9/12
   701 | D        | Reached skill level 3 in Evocations
   711 | D        | Reached skill level 4 in Evocations
   719 | D        | Killed a gargoyle
   784 | D        | Noticed a daeva
   786 | D        | Noticed an unseen horror
   786 | D        | Noticed an unseen horror
   798 | D        | Noticed an unseen horror
   799 | D        | Killed an unseen horror
   799 | D        | Reached skill level 5 in Evocations
   806 | D        | Killed an unseen horror
   813 | D        | Killed an unseen horror
  1044 | D        | Noticed an unseen horror
  1052 | D        | Killed an unseen horror
  1052 | D        | Reached skill level 15 in Fighting
  1052 | D        | Reached XP level 11. HP: 71/102 MP: 14/14
  1168 | D        | Noticed an unseen horror
  1189 | D        | Killed an unseen horror
  1488 | D        | Noticed an unseen horror
  1488 | D        | Noticed an unseen horror
  1504 | D        | Killed an unseen horror
  1518 | D        | Killed an unseen horror
  1518 | D        | Reached skill level 15 in Armour
  1781 | D        | Found Qilacitast's Book Shoppe.
  1781 | D        | Found Fohapnony's Magic Scroll Shop.
  1781 | D        | Found Joimergh's Assorted Antiques.
  1783 | D        | Found Meaver's Weapon Emporium.
  1783 | D        | Found Qezy's Jewellery Shop.
  1783 | D        | Found Ysuonezu's Magic Scroll Shoppe.
  1783 | D        | Found Wido's Armour Boutique.
  1783 | D        | Found Refal's Distillery.
  1783 | D        | Found Poumoboi's Antique Armour Shop.
  1783 | D        | Found Sumek's Antique Armour Shoppe.
  1785 | D        | Bought a scroll of remove curse for 36 gold pieces
  1786 | D        | Found Astrauzu's General Store.
  1787 | D        | Found Zalimuk's Gadget Emporium.
  1787 | D        | Found Kadyos's General Store.
  1788 | D        | Found Ibet's Magic Scroll Emporium.
  1797 | D        | Bought a scroll of fear for 42 gold pieces
  1807 | D        | Bought a scroll labeled DUTZUI WYTURCH for 18 gold pieces
  1807 | D        | Bought a small glass ring for 90 gold pieces
  1818 | D        | Bought a pair of runed boots for 165 gold pieces
  1823 | D        | Identified a +0 pair of boots of running (You bought it in
                  | a shop in the Dungeon)
  1826 | D        | Bought a scroll of enchant armour for 90 gold pieces
  1830 | D        | Bought a wand of acid (7) for 308 gold pieces
  1830 | D        | Bought a wand of iceblast (9) for 182 gold pieces
  1830 | D        | Bought a tin of tremorstones (3/3) for 560 gold pieces
  1833 | D        | Bought a shiny plate armour for 442 gold pieces
  2054 | D        | Noticed an oklob plant
  2068 | D        | Killed an oklob plant
  2286 | D        | Noticed a centaur warrior
  2287 | D        | Noticed a centaur warrior
  2300 | D        | Killed a centaur warrior
  2311 | D        | Killed a centaur warrior
  2331 | D        | Noticed Sonja
  2333 | D        | Killed Sonja
  2350 | D        | Found Selukhey's Weapon Boutique.
  2571 | D        | Reached skill level 1 in Throwing
  2571 | D        | Reached skill level 6 in Evocations
  2571 | D        | Reached XP level 12. HP: 73/112 MP: 16/16
  2850 | D        | Reached skill level 7 in Evocations
  3053 | D        | Noticed a lorocyproca
  3068 | D        | Killed a lorocyproca
  3068 | D        | Reached skill level 5 in Throwing
  3068 | D        | Reached skill level 8 in Evocations
  3446 | D        | Noticed a 12-headed hydra
  3859 | D        | Killed a 12-headed hydra
  3859 | D        | Reached skill level 9 in Evocations
  4247 | D        | Noticed a deep elf annihilator
  4254 | D        | Reached skill level 10 in Evocations
  4312 | D        | Reached skill level 11 in Evocations
  4317 | D        | Killed a deep elf annihilator
  4317 | D        | Reached skill level 12 in Evocations
  4323 | D        | Noticed a mummy priest
  4332 | D        | Reached skill level 13 in Evocations
  4568 | D        | Bought a wand of clouds (3) for 294 gold pieces
  4568 | D        | Bought a wand of iceblast (8) for 168 gold pieces
  4587 | D        | Noticed a deep troll
  4592 | D        | Killed a deep troll
  4859 | D        | Killed a mummy priest
  4859 | D        | Reached skill level 14 in Evocations
  4898 | D        | Got an encrusted great sword
  4923 | D        | Noticed the 27-headed Lernaean hydra
  4928 | D        | Killed the 27-headed Lernaean hydra
  4928 | D        | Reached skill level 17 in Evocations
  4928 | D        | Reached XP level 13. HP: 32/122 MP: 22/25
  5220 | D        | Noticed a deep elf master archer
  5275 | D        | Identified Huihoq's Tome of Lethal Dislocation
  5574 | D        | Killed a deep elf master archer
  5574 | D        | Reached skill level 18 in Evocations
  5616 | D        | Identified the Compendium of Enchantment
  5742 | D        | Bought the ring of Sascha Luja {rN+ Dex+6} for 836 gold
                  | pieces
  5815 | D        | Noticed a shadow dragon
  5815 | D        | Noticed a golden dragon
  5818 | D        | Killed a golden dragon
  5818 | D        | Reached skill level 19 in Evocations
  5834 | D        | Killed a shadow dragon
  5834 | D        | Reached skill level 20 in Evocations
  5842 | D        | Got a transparent kite shield
  5901 | D        | Found Micarech's Assorted Antiques.
  5919 | D        | Bought a potion of heal wounds for 105 gold pieces
  5919 | D        | Bought a potion of curing for 63 gold pieces
  6136 | D        | Killed a daeva
  6169 | D        | Identified the +1 kite shield of the Arcane {rC+ Str-5 SInv
                  | Stlth+} (You found it in the Dungeon)
  6407 | D        | Noticed a fire giant
  6409 | D        | Noticed a fire giant
  6410 | D        | Noticed a fire giant
  6412 | D        | Noticed a fire giant
  6434 | D        | Killed a fire giant
  6434 | D        | Reached skill level 21 in Evocations
  6439 | D        | Killed a fire giant
  6440 | D        | Killed a fire giant
  6440 | D        | Reached skill level 22 in Evocations
  6440 | D        | Reached XP level 14. HP: 57/129 MP: 27/29
  6440 | D        | Killed a fire giant
  6699 | D        | Identified the +4 dragonskin cloak
  6699 | D        | Noticed Tiamat
  6701 | D        | Got the Orb of Zot
  6710 | D        | Noticed Lom Lobon
  6749 | D        | Noticed an Ice Fiend
  6774 | D        | Escaped with the Orb!

Illustrated notes

Levels and vault maps discovered:
D:        dungeon_sprint_1 [red_sonja_temple_1, red_sonja_temple_small_1]

Skill      XL: |  1  2  3  4  5  6  7  8  9 10 11 12 13 |
---------------+----------------------------------------+-----
Polearms       | 4 6 10 12 14 | 14.0
Shields        | 6 8 9 |  9.0
Fighting       | 7 10 12 15 17 | 17.9
Armour         | 8 11 13 17 | 17.1
Evocations     | 2 5 6 17 22 | 22.6
Throwing       | 1 6 |  6.0

Action                   |  1- 3 |  4- 6 |  7- 9 | 10-12 | 13-15 || total
-------------------------+-------+-------+-------+-------+-------++-------
Melee: Trident           |    23 |    11 |   100 |   378 |    58 ||   570
 Fire: Shortbow          |       |       |       |     2 |       ||     2
Throw: Dart              |       |       |       |     3 |     3 ||     6
       Stone             |       |       |       |     3 |       ||     3
Invok: Potion Petition   |       |       |     1 |     2 |     9 ||    12
       Bribe Branch      |       |       |       |       |     1 ||     1
 Abil: Dig               |       |     1 |     6 |     3 |     4 ||    14
Evoke: Wand              |       |       |       |    12 |     7 ||    19
       Tin of tremorston |       |       |       |     9 |     5 ||    14
       Lightning rod     |       |       |       |       |     5 ||     5
       Phantom mirror    |       |       |       |       |     1 ||     1
  Use: Potion            |     1 |       |     1 |     4 |     3 ||     9
       Scroll            |       |       |     2 |     6 |     1 ||     9
 Stab: Distracted        |       |       |     1 |     1 |       ||     2
  Eat: Ration            |       |       |       |     4 |     2 ||     6
Armor: Scale mail        |     4 |       |    19 |    23 |       ||    46
       Plate armour      |       |       |       |   138 |    19 ||   157
Dodge: Dodged            |     3 |     1 |    19 |    82 |    11 ||   116
Block: Kite shield       |     8 |     2 |    31 |   189 |    30 ||   260
